 Dungeon Crawl Stone Soup version 0.28-a0-631-g0446da8ef9 (webtiles) character file.

Game seed: 7603840982462959200

350 Conn the Sneak (level 6, -1/37 HPs)
             Began as an Octopode Fire Elementalist on Oct 10, 2021.
             Was an Initiate of Sif Muna.
             Slain by Duvessa (9 damage)
             ... on level 4 of the Dungeon.
             The game lasted 00:12:12 (6194 turns).

Conn the Sneak (Octopode Fire Elementalist)         Turns: 6194, Time: 00:12:13

Health: -1/37      AC:  1    Str:  8    XL:     6   Next: 61%
Magic:  8/10       EV: 13    Int: 19    God:    Sif Muna [......]
Gold:   165        SH:  0    Dex: 12    Spells: 0/11 levels left

rFire   . . .      SeeInvis .   a - +0 short sword
rCold   . . .      Faith    .   (no shield)
rNeg    . . .      Spirit   .   (helmet restricted)
rPois   .          Reflect  .   (no amulet)
rElec   .          Harm     .   (no ring)
rCorr   .          Rampage  .   (no ring)
Will    .....                   (no ring)
Stlth   ++++......              (no ring)
HPRegen 0.12/turn               (no ring)
MPRegen 0.12/turn               (no ring)
                                (no ring)
                                (no ring)

@: no status effects
A: almost no armour, amphibious, 8 rings, camouflage 1, gelatinous body 1,
(nimble swimmer 1), tentacles
a: Renounce Religion


You were on level 4 of the Dungeon.
You worshipped Sif Muna.
Sif Muna was noncommittal.
You visited 2 branches of the dungeon, and saw 5 of its levels.

You collected 165 gold pieces.

Inventory:

Hand Weapons
 a - a +0 short sword (weapon)
 b - a +1 vorpal hunting sling
Missiles
 n - 15 poisoned darts
 q - 21 sling bullets
 r - 5 curare-tipped darts (quivered)
Scrolls
 d - a scroll of enchant weapon {unknown}
 e - a scroll of torment
 f - a scroll of holy word {unknown}
 g - 3 scrolls of teleportation {unknown}
 h - a scroll of magic mapping {unknown}
 k - a scroll of brand weapon {unknown}
 m - a scroll of enchant armour {unknown}
 p - 4 scrolls of identify {unknown}
Potions
 c - a potion of attraction {unknown}
 i - 2 potions of curing
 j - a potion of flight {unknown}
 l - 4 potions of brilliance {unknown}


   Skills:
 + Level 0.7 Fighting
 + Level 0.3 Short Blades
 + Level 2.5 Dodging
 + Level 4.6 Stealth
 + Level 0.2 Unarmed Combat
 + Level 3.3 Spellcasting
 + Level 3.0 Conjurations
 + Level 4.5 Fire Magic


You couldn't memorise any spells.
You knew the following spells:

 Your Spells              Type           Power      Damage    Failure   Level
a - Foxfire               Conj/Fire      68%        2x1d7     3%          1
b - Conjure Flame         Conj/Fire      17%        6-21      10%         3
c - Inner Flame           Hex/Fire       11%        N/A       17%         3
d - Flame Wave            Conj/Fire      17%        3d5       30%         4

Your spell library contained the following spells:

 Spells                   Type           Power      Damage    Failure   Level
 Scorch                   Fire           40%        2d7       3%          2
 Stone Arrow              Conj/Erth      16%        3d8       24%         3
 Passage of Golubria      Tloc           N/A        N/A       83%         4
 Silence                  Hex/Air        1%         N/A       99%         5
 Lehudib's Crystal Spear  Conj/Erth      4%         10d3      100%        8
 Animate Armour           Summ/Erth      Unusable   N/A       N/A         4

Dungeon Overview and Level Annotations

Branches:
Dungeon (4/15)             Temple (1/1) D:4

Altars:
Ashenzari
Cheibriados
Dithmenos
Fedhas
Gozag
Hepliaklqana
Kikubaaqudgha
Makhleb
Nemelex Xobeh
Okawaru
Ru
Sif Muna
Trog
Uskayaw
Vehumet
Wu Jian
Xom
Yredelemnul
Zin
The Shining One

Shops:
D:1 =

Annotations:
D:4 Duvessa


Innate Abilities, Weirdness & Mutations

You cannot wear most types of armour.
You are amphibious.
You can wear up to eight rings at the same time.
Your skin changes colour to match your surroundings (Stealth+).
Your rubbery body absorbs attacks. (AC +1, EV +1)
((You are camouflaged near water. (Stealth+)))
You have tentacles for arms and can constrict up to eight enemies at once.


Message History

You don't have enough magic to cast this spell.
Unknown command.
Your foxfire dissipates!
Unknown command.
Your foxfire dissipates! x3
There is an open door here.
You close the door.
You start resting.
Duvessa is nearby!
You open the door.
Duvessa goes berserk!
Okay, then.
Throw: throwing net
Press: ? - help, Q - select action, (/) - cycle Shift-Dir - straight line, f - Duvessa
Aim: Duvessa, wielding a +0 short sword, wearing a +0 chain mail of poison resistance and wearing the +0 buckler "Boirif" {rPois Will+ Dex+6} (berserk, 68% to hit)
You throw a throwing net.
Duvessa blocks the throwing net.
Duvessa hits you with a +0 short sword!
Okay, then.
Okay, then.
Casting: Foxfire (safe; 3% risk of failure)
Confirm with . or Enter, or press ? or * to list all spells.
Okay, then.
Unknown command.
Throw: 6 darts (curare)
Press: ? - help, Q - select action, (/) - cycle Shift-Dir - straight line, f/p - Duvessa
Aim: Duvessa, wielding a +0 short sword, wearing a +0 chain mail of poison resistance and wearing the +0 buckler "Boirif" {rPois Will+ Dex+6} (berserk, 68% to hit)
You throw a curare-tipped dart.
Duvessa blocks the curare-tipped dart.
Duvessa hits you with a +0 short sword! x2
Unknown command.
Press: ? - help, v - describe, . - travel, g - get item
Here: Duvessa, wielding a +0 short sword, wearing a +0 chain mail of poison resistance and wearing the +0 buckler "Boirif" {rPois Will+ Dex+6} (berserk)
Items here: a curare-tipped dart; a throwing net.
The floor.
Unknown command.
Okay, then.
As you read the scroll labelled MITZONOETA, it crumbles to dust.
Your body is wracked with pain!
* * * LOW HITPOINT WARNING * * *
Duvessa convulses!
It was a scroll of torment.
Duvessa hits you with a +0 short sword!
You die...

....#..........#...#
e...#..........#...#
#..##..........#..#####
#..#..(..####+###'##..#
#..).....#............#
#..#.....#......(.....#
#..#.....#######......#
#..#...........#e.....#
####...........'@.....#
#..#...........#..##..#
...#...........########
...#...........#
...#...........#
...#...........#
.........#######
..######## ...#


You could see Duvessa (berserk).

Vanquished Creatures
  Dowan (D:4)
  A hound (D:4)
  A jelly (D:4)
  7 gnolls
  10 adders
  A worm (D:2)
  5 endoplasms
  A giant cockroach (D:3)
  6 goblins
  11 hobgoblins
  10 kobolds
  6 quokkas
  20 ball pythons
  5 bats
  2 frilled lizards
  3 rats
90 creatures vanquished.

Vanquished Creatures (others)
  285 foxfires
285 creatures vanquished.

Grand Total: 375 creatures vanquished

Notes
Turn   | Place    | Note
-------+----------+-------------------------------------------
     0 | D:1      | Conn the Octopode Fire Elementalist began the quest for the
                  | Orb.
     0 | D:1      | Reached XP level 1. HP: 11/11 MP: 3/3
    16 | D:1      | Found Gob Juph's Jewellery Shop.
   253 | D:1      | Reached XP level 2. HP: 5/17 MP: 0/5
   603 | D:1      | Found a faded altar of an unknown god.
  1268 | D:2      | Reached XP level 3. HP: 22/22 MP: 2/6
  1777 | D:2      | Reached XP level 4. HP: 20/27 MP: 3/7
  2814 | D:3      | Reached XP level 5. HP: 32/32 MP: 6/9
  3219 | D:3      | Found an iron altar of Okawaru.
  3908 | D:3      | Found a bloodstained altar of Trog.
  4616 | D:4      | Reached XP level 6. HP: 32/37 MP: 0/10
  4731 | D:4      | Noticed Duvessa
  4744 | D:4      | Learned a level 3 spell: Conjure Flame
  4748 | D:4      | Learned a level 3 spell: Inner Flame
  5044 | D:4      | Found a staircase to the Ecumenical Temple.
  5088 | Temple   | Entered the Ecumenical Temple
  5132 | Temple   | Became a worshipper of Sif Muna the Loreminder
  5392 | D:4      | Learned a level 4 spell: Flame Wave
  5395 | D:4      | Noticed Dowan
  6127 | D:4      | Killed Dowan
  6190 | D:4      | Identified the +0 buckler "Boirif" {rPois Will+ Dex+6}
  6194 | D:4      | Slain by Duvessa

Illustrated notes

Levels and vault maps discovered:
D:1:      denvon_arrival_planthouse, layout_loops_ring, serial_shops,
          nicolae_shop_trees, hellmonk_ecumenical_altar_run_dry
D:2:      layout_rooms, st_stairs_11, minmay_snake_closets
D:3:      minmay_razor_zed, layout_basic, kennysheep_okawaru_gauntlet,
          trog_hazing_becter, st_stairs_8
D:4:      layout_gridville, minmay_temple_entry_offerings, uniq_duvessa
Temple:   compressed_dpeg_circular_temple

Skill      XL: |  1  2  3  4  5  6 |
---------------+-------------------+-----
Stealth        | 3 4 |  4.6
Conjurations   | 2 3 |  3.0
Fire Magic     | 4 |  4.5
Spellcasting   | 3 |  3.3
Fighting       | |  0.7
Short Blades   | |  0.3
Dodging        | |  2.5
Unarmed Combat | |  0.2

Action                   |  1- 3 |  4- 6 || total
-------------------------+-------+-------++-------
Melee: Unarmed           |    25 |     2 ||    27
       Constrict         |    11 |     8 ||    19
       Tentacles         |     4 |     7 ||    11
       Short sword       |       |    28 ||    28
 Fire: Hunting sling     |       |     3 ||     3
Throw: Throwing net      |       |     2 ||     2
       Dart              |       |     1 ||     1
 Cast: Foxfire           |    48 |   121 ||   169
       Inner Flame       |       |     6 ||     6
  Use: Scroll            |       |     1 ||     1
       Potion            |       |     1 ||     1
 Stab: Sleeping          |     1 |     7 ||     8
Armor: Skin              |    10 |     6 ||    16
Dodge: Dodged            |    42 |    43 ||    85

Table legend: (Time is in decaauts)
 A = Elapsed time spent in this place.
 B = Non-inter-level travel time spent in this place.
 C = Inter-level travel time spent in this place.
 D = Time resting spent in this place.
 E = Time spent auto-exploring this place.
 F = Levels seen in this place.
 G = Mean time per level.
                   A        B        C        D        E       F      G
               +--------+--------+--------+--------+--------+-----+--------+
         Total |   6177 |   5921 |    256 |    345 |   4360 |   5 | 1235.4 |
       Dungeon |   6117 |   5861 |    256 |    345 |   4360 |   4 | 1529.2 |
        Temple |     60 |     60 |      0 |      0 |      0 |   1 |   60.0 |
               +--------+--------+--------+--------+--------+-----+--------+

Top non-repeatable levels by time:
     D:3: 2417 daAuts
     D:4: 1401 daAuts
     D:1: 1182 daAuts
     D:2: 1116 daAuts
  Temple: 60 daAuts
